 Dungeon Crawl Stone Soup version 0.30-a0-364-gf6b3ef1049 (webtiles) character file.

Game seed: 4390230643617405330

216626 freelancePsychic the Stormcaller (level 18, -16/142 (147) HPs)
             Began as a Barachi Venom Mage on Nov 15, 2022.
             Was the Champion of Ru.
             Blown up by a sun moth (23 damage)
             ... with a bolt of energy
             ... on level 4 of the Spider Nest.
             The game lasted 01:30:36 (48846 turns).

freelancePsychic the Stormcaller (BaVM)            Turns: 48846, Time: 01:30:36

HP:   -16/142 (147) AC: 23    Str:  7    XL:     18   Next: 6%
MP:   22/43         EV: 11    Int: 27    God:    Ru [******]
Gold: 1736          SH:  0    Dex: 13    Spells: 7/42 levels left

rFire   + . .      SeeInvis .    w - +6 dagger of the Coin {vorpal, rElec rF++ Will+ Str-2}
rCold   . . .      Faith    .    K - orb {light}
rNeg    . . .      Spirit   .    J - +3 ring mail "Jeshrit" {Int+7}
rPois   .          Reflect  .    v - +0 helmet
rElec   +          Harm     .    M - +2 cloak "Ucutuot" {+Blink}
rCorr   .          Rampage  .    e - +2 pair of gloves
Will    ++...                    l - +2 pair of boots
Stlth   +.........               (no amulet)
HPRegen 0.43/turn                i - ring of protection from cold
MPRegen 0.28/turn                t - ring of magical power

@: lethally poisoned (-16 -> -62), exhausted, spewing sludge, glowing, studying
Ice Magic, lightly drained, slow
A: amphibious, slowness 1, hated by all, inexperienced 1, missing an eye,
temperature sensitive, strong legs 2, +LOS, clumsy 1, dopey 1, subdued magic 1
}: 1/15 runes: barnacled
a: Hop, Renounce Religion, Evoke Blink, Draw Out Power, Power Leap, Apocalypse


You were on level 4 of the Spider Nest.
You worshipped Ru.
Ru was exalted by your worship.
You visited 6 branches of the dungeon, and saw 31 of its levels.
You also visited: Ice Cave.

You collected 3319 gold pieces.
You spent 1583 gold pieces at shops.

Inventory:

Hand Weapons
 a - a +3 short sword
 w - the +6 dagger of the Coin (weapon) {vorpal, rElec rF++ Will+ Str-2}
   (You bought it in a shop on level 5 of the Dungeon)

   It inflicts extra damage upon your enemies.
   Str:       It affects your strength (-2).
   rF:        It greatly protects you from fire.
   rElec:     It insulates you from electricity.
   Will:      It increases your willpower.
Missiles
 g - a throwing net
Armour
 e - a +2 pair of gloves (worn)
 l - a +2 pair of boots (worn)
 v - a +0 helmet (worn)
 J - the +3 ring mail "Jeshrit" (worn) {Int+7}
   (You bought it in a shop on level 2 of the Orcish Mines)

   Int:       It affects your intelligence (+7).
 K - an orb of light (worn)
 M - the +2 cloak "Ucutuot" (worn) {+Blink}
   (You bought it in a shop on level 6 of the Dungeon)

   +Blink:    It lets you blink.
 S - a +0 kite shield of cold resistance
Jewellery
 c - a ring of resist corrosion
 i - a ring of protection from cold (left hand)
 q - an amulet of the acrobat
 t - a ring of magical power (right hand)
 x - a ring of see invisible
 C - a ring of ice
 F - a ring of fire
 L - a +4 ring of protection
 Q - a ring of protection from fire
 U - the ring "Vidaok" {rN+ rCorr Str+4}
   (You found it in an ice cave)

   [ring of resist corrosion]

   Str:       It affects your strength (+4).
   rN:        It protects you from negative energy.
   rCorr:     It protects you from acid and corrosion.
 V - a ring of magical power
 W - the ring "Hero's Friend" {Fly rF+ SInv}
   (You found it on level 12 of the Dungeon)

   [ring of see invisible]

   rF:        It protects you from fire.
   SInv:      It lets you see invisible.
   Fly:       It grants you flight.
 Y - an amulet of guardian spirit
 Z - a +4 ring of slaying
Wands
 p - a wand of digging (19)
 u - a wand of flame (55)
 z - a wand of roots (6)
 R - a wand of mindburst (12)
Scrolls
 j - 9 scrolls of teleportation {@r4}
 k - 4 scrolls of fear
 m - a scroll of silence
 r - 8 scrolls of magic mapping
 y - 5 scrolls of vulnerability
 A - 4 scrolls of enchant weapon
 G - a scroll of summoning
 O - 5 scrolls of blinking
 P - 3 scrolls of brand weapon
 X - 4 scrolls of poison
Potions
 b - 2 potions of magic
 d - 8 potions of might
 f - 21 potions of curing {@q1}
 h - 8 potions of brilliance
 n - 5 potions of lignification {unknown}
 o - 4 potions of heal wounds {@q2}
 s - 3 potions of cancellation
 B - 3 potions of flight
 D - 2 potions of attraction
 E - 6 potions of mutation
 H - 7 potions of haste {@q3}
 I - 3 potions of ambrosia
 N - 3 potions of resistance
 T - a potion of invisibility


   Skills:
 + Level 14.7 Fighting
 - Level 5.2 Short Blades
 - Level 12.8 Armour
 - Level 4.6 Dodging
 - Level 1.7 Stealth
 + Level 11.9 Shields
 + Level 12.7 Spellcasting
 - Level 11.6 Conjurations
 - Level 11.9 Transmutations
 - Level 7.1 Fire Magic
 - Level 8.1 Ice Magic
 - Level 15.7 Air Magic
 - Level 12.2 Poison Magic


You had 7 spell levels left.
You knew the following spells:

 Your Spells              Type           Power      Damage    Failure   Level
a - Eringya's Noxious Bo  Tmut/Pois      29%        N/A       7%          6
b - Freezing Cloud        Conj/Ice/Air   29%        6-21      1%          5
c - Ignite Poison         Fire/Tmut/Pois 54%        N/A       1%          3
d - Olgreb's Toxic Radia  Pois           59%        N/A       1%          4
e - Arcjolt               Conj/Air       31%        1d41      1%          5
f - Sting                 Tmut/Pois      100%       1d8       1%          1
g - Maxwell's Capacitive  Air            34%        ∞         58%         8
h - Mephitic Cloud        Conj/Pois/Air  62%        N/A       1%          3

Your spell library contained the following spells:

 Spells                   Type           Power      Damage    Failure   Level
 Foxfire                  Conj/Fire      100%       2x1d9     1%          1
 Magic Dart               Conj           100%       1d8       1%          1
 Cigotuvi's Dreadful Rot  Necr/Pois/Air  100%       N/A       1%          2
 Ensorcelled Hibernation  Hex/Ice        60%        N/A       1%          2
 Passwall                 Tmut/Erth      31%        N/A       1%          2
 Poisonous Vapours        Pois/Air       100%       N/A       1%          2
 Static Discharge         Conj/Air       100%       2-7/arc   1%          2
 Dazzling Flash           Conj/Hex       74%        N/A       1%          3
 Hailstorm                Conj/Ice       53%        3d12      1%          3
 Kindle Blastsparks       Fire/Tloc/Air  88%        2d17      1%          3
 Swiftness                Air            68%        N/A       1%          3
 Vhi's Electric Charge    Tloc/Air       90%        N/A       1%          3
 Airstrike                Air            34%        2d(5-21)  1%          4
 Ice Form                 Ice/Tmut       53%        N/A       1%          4
 Alistair's Intoxication  Tmut/Pois      39%        N/A       1%          5
 Blade Hands              Tmut           29%        N/A       1%          5
 Iskenderun's Battlesphe  Conj           58%        2d11      1%          5
 Lightning Bolt           Conj/Air       31%        1d48      1%          5
 Fireball                 Conj/Fire      25%        3d11      3%          5
 Conjure Ball Lightning   Conj/Air       31%        3x3d10    3%          6
 Inner Flame              Hex/Fire       28%        N/A       4%          3
 Iskenderun's Mystic Bla  Conj/Tloc      37%        2d9       5%          4
 Necrotise                Necr           52%        1d6       6%          1
 Vampiric Draining        Necr           13%        2d6       21%         3
 Starburst                Conj/Fire      25%        6d8       22%         6
 Dragon Form              Tmut           29%        N/A       41%         7
 Orb of Destruction       Conj           29%        9d9       45%         7
 Cause Fear               Hex            6%         N/A       56%         4
 Leda's Liquefaction      Hex/Erth       6%         N/A       56%         4
 Statue Form              Tmut/Erth      25%        N/A       67%         6
 Iron Shot                Conj/Erth      18%        9d4       69%         6
 Agony                    Necr           13%        N/A       89%         5
 Borgnjor's Vile Clutch   Necr/Erth      6%         N/A       89%         5
 Lee's Rapid Deconstruct  Erth           6%         3d6*      89%         5
 Discord                  Hex            6%         N/A       100%        8
 Summon Lightning Spire   Summ/Air       Unusable   N/A       N/A         4
 Call Imp                 Summ           Unusable   N/A       N/A         2
 Animate Armour           Summ/Erth      Unusable   N/A       N/A         4
 Simulacrum               Ice/Necr       Unusable   N/A       N/A         6
 Dragon's Call            Summ           Unusable   N/A       N/A         9

Dungeon Overview and Level Annotations

Branches:
Dungeon (15/15)            Temple (0/1) D:5            Lair (5/5) D:10
 Shoals (4/4) Lair:2       Spider (4/4) Lair:2        Slime (0/5) Lair:4
    Orc (2/2) D:10            Elf (1/3) Orc:2        Vaults (0/5) D:14
 Depths (0/4) D:15          IceCv (visited)

Altars:
Ashenzari
Elyvilon
Kikubaaqudgha
Makhleb
Okawaru
Qazlal
Ru
Sif Muna
Trog
Uskayaw
Vehumet
Xom
Zin

Shops:
D:5 (   D:6 [   Orc:2 (:([   Shoals:2 !

Portals:
Trove: D:13 (give 9 potions of haste)

Annotations:
D:7 2 transporters, Dordric's ghost, novice HuRe
D:9 3 runed translucent doors
Lair:3 2 transporters, sleeves's ghost, journeyman DsMo


Innate Abilities, Weirdness & Mutations

You are amphibious.
You cover ground slowly.
You are hated by all.
You are somewhat inexperienced. (-1 XL)
You are missing an eye, making it more difficult to aim.
You are sensitive to extremes of temperature. (rF-, rC-)
You can hop long distances.
You have an extended range of vision and can be seen from far away.
You are clumsy. (Dex -2)
You are dopey. (Int -2)
Your spells are a little easier to cast, but a little less powerful.


Message History

You feel extremely sick.
The broodmother festers in the toxic bog!
The broodmother looks as sick as possible!
The emperor scorpion festers in the toxic bog.
The emperor scorpion looks as sick as possible!
The emperor scorpion stings you but does no damage.
The emperor scorpion becomes momentarily stuck in the toxic bog.
The emperor scorpion claws you.
* * * LOW HITPOINT WARNING * * *
The sun moth bites you.
* * * LOW HITPOINT WARNING * * *
The emperor scorpion festers in the toxic bog!
The emperor scorpion looks as sick as possible!
The emperor scorpion stings you!
* * * LOW HITPOINT WARNING * * *
You are more poisoned.
The emperor scorpion poisons you!
The emperor scorpion becomes momentarily stuck in the toxic bog.
The emperor scorpion barely misses you.
You feel much better.
* * * LOW HITPOINT WARNING * * *
You feel extremely sick.
The sun moth is stunned by your conviction and fails to attack.
The broodmother festers in the toxic bog!
The broodmother looks as sick as possible!
The emperor scorpion festers in the toxic bog.
The emperor scorpion looks as sick as possible!
You kill the emperor scorpion!
You feel much better.
* * * LOW HITPOINT WARNING * * *
You feel extremely sick.
You redirect the sun moth's attack!
The sun moth bites you!!
* * * LOW HITPOINT WARNING * * *
The broodmother festers in the toxic bog!
The broodmother looks as sick as possible!
You redirect the broodmother's attack!
The sun moth throws energy at you. The bolt of energy hits you!!
You die...

........###†###....^#
........##...##.....####
.......##.^...##......~##
.....[..^...†.......^...#
.......##.....##~~~~~...#
.......^##...##.~~~~~....
........ ##.###.~~~~~....
~#.#~....^#.#..s~~~~~....
^....^~~~y@~~..#^#^
......~~~~††.###^#
#.....~~~~~~.# .
.......~~~~~##
#....#.#.^s..
^..###.###..## ..~ ..
#~.. $. ..s ##..# . ...


You could see a broodmother (extremely poisoned), a sun moth (poisoned) and a
wolf spider.

Vanquished Creatures
  Nikola (Shoals:2)
  Polyphemus (Shoals:4)
  2 krakens
  Ilsuiw (Shoals:4)
  Aizul (Spider:2)
  An emperor scorpion (Spider:4)
  An orc warlord (Orc:2)
  3 ghost moths
  A broodmother (Spider:3)
  2 spark wasps
  10 merfolk javelineers
  2 crystal guardians (D:12)
  10 merfolk impalers
  2 ettins (Orc:2)
  3 fire dragons
  3 entropy weavers
  An entropy weaver (shapeshifter) (D:14)
  A great orb of eyes (D:14)
  4 hydras
  An ice dragon (shapeshifter) (D:14)
  4 vault guards (D:14)
  A catoblepas (Shoals:4)
  2 boulder beetles
  4 merfolk avatars
  4 radroaches
  2 alligator snapping turtles
  3 satyrs
  2 ironbound frosthearts (IceCv)
  9 centaur warriors
  A death knight (D:14)
  2 jorogumos
  10 merfolk aquamancers
  4 tengu warriors
  5 two-headed ogres
  An orc high priest (Orc:2)
  9 death yaks
  A deep elf knight (Elf:1)
  3 pharaoh ants
  7 skeletal warriors
  14 sea snakes
  A goliath frog (shapeshifter) (D:14)
  3 wizards (D:14)
  2 kraken simulacra (Shoals:4)
  9 orb spiders
  An orange crystal statue (D:12)
  2 steelbarb worms
  A phantasmal warrior (D:14)
  5 orc knights
  3 deep elf zephyrmancers (Elf:1)
  3 deep elf pyromancers
  21 harpies
  14 ugly things
  11 wolf spiders
  2 orc sorcerers (Orc:2)
  23 manticores
  20 fauns
  8 cyclopes
  Joseph (D:9)
  14 merfolk sirens
  An ice statue (IceCv)
  A moth of wrath (Spider:4)
  4 water nymphs
  4 black mambas
  2 torpor snails
  14 elephants
  7 cane toads
  6 rime drakes
  3 gargoyles
  3 freezing wraiths
  Maggie (Lair:1)
  5 demonic crawlers
  3 kobold demonologists
  8 komodo dragons
  A tengu conjurer (D:15)
  6 trolls
  17 polar bears
  31 merfolk
  8 wind drakes
  6 hornets
  11 snapping turtles
  21 tarantellas
  10 blink frogs
  5 slime creatures
  20 jumping spiders
  2 dream sheep (Lair:2)
  15 culicivoras
  13 spriggans (Lair:5)
  10 water elementals
  4 wraiths
  2 shadows
  A vampire (D:12)
  A fire elemental (Elf:1)
  6 steam dragons
  51 yaks
  3 basilisks
  8 vampire mosquitoes
  4 wargs
  4 acid dragons
  46 redbacks
  2 two-headed ogre zombies (D:10)
  14 water moccasins
  3 ice beasts (D:7)
  6 black bears
  25 orc warriors
  A sky beast (D:6)
  5 ogres
  8 boggarts
  40 wolves
  10 centaurs
  3 phantoms
  7 kobold brigands
  15 bullfrogs
  A gnoll sergeant (D:13)
  A necrophage (D:8)
  3 scorpions
  9 wights
  Dowan (D:5)
  A killer bee (D:10)
  4 howler monkeys
  A lava snake (Lair:2)
  A crimson imp (D:14)
  4 hounds
  15 orc priests
  3 jellies
  Crazy Yiuf (D:4)
  3 gnoll boudas
  3 iron imps (D:6)
  4 iguanas
  Ijyb (D:4)
  23 orc wizards
  6 ogre zombies (D:10)
  22 gnolls
  10 adders
  3 shadow imps
  2 white imps
  An ufetubus (D:7)
  3 worms
  3 dart slugs
  90 orcs
  14 ball pythons
  5 endoplasms
  5 giant cockroaches
  12 goblins
  9 hobgoblins
  6 jackals
  27 kobolds
  2 quokkas
  4 bats (D:1)
  7 frilled lizards
  4 goblin zombies (D:10)
  A hobgoblin skeleton (D:10)
  5 hobgoblin zombies (D:10)
  2 orc skeletons (D:10)
  13 orc zombies (D:10)
  7 rats
  12 tentacles
1144 creatures vanquished.

Vanquished Creatures (others)
  A centaur warrior (D:14)
  A pharaoh ant (Spider:1)
  A harpy (Shoals:3)
  A deep elf zephyrmancer (Elf:1)
  A wolf spider (Spider:2)
  A cyclops (Shoals:4)
  A faun (Shoals:4)
  A rime drake (Lair:5)
  A demonic crawler (Spider:1)
  A troll (D:14)
  Duvessa (D:5)
  A black bear (Lair:5)
  A wolf (Lair:5)
  An orc priest (Orc:2)
  4 orcs
  20 fungi
  88 plants
  7 tentacles (Shoals:4)
133 creatures vanquished.

Grand Total: 1277 creatures vanquished

Notes
Turn   | Place    | Note
-------+----------+-------------------------------------------
     0 | D:1      | freelancePsychic the Barachi Venom Mage began the quest for
                  | the Orb.
     0 | D:1      | Reached XP level 1. HP: 13/13 MP: 3/3
   141 | D:1      | Reached XP level 2. HP: 18/20 MP: 1/5
   358 | D:1      | Reached skill level 1 in Fighting
   541 | D:1      | Reached XP level 3. HP: 24/26 MP: 2/6
   669 | D:1      | Learned a level 2 spell: Poisonous Vapours
  1469 | D:2      | Reached XP level 4. HP: 25/33 MP: 1/8
  2034 | D:2      | Learned a level 4 spell: Olgreb's Toxic Radiance
  2204 | D:2      | Identified the +0 leather armour of Integrity {Rampage}
  2305 | D:2      | Reached XP level 5. HP: 35/39 MP: 1/9
  2572 | D:3      | Reached skill level 5 in Poison Magic
  3089 | D:3      | Found a glowing silver altar of Zin.
  3147 | D:3      | Learned a level 3 spell: Ignite Poison
  3373 | D:3      | Reached XP level 6. HP: 41/47 MP: 2/11
  3500 | D:3      | Found a blossoming altar of Fedhas.
  3843 | D:4      | Found a sacrificial altar of Ru.
  3860 | D:4      | Became a worshipper of Ru the Awakened
  3899 | D:4      | Noticed Ijyb
  3994 | D:4      | Killed Ijyb
  4340 | D:4      | Found an ancient bone altar of Kikubaaqudgha.
  4510 | D:4      | Reached skill level 1 in Fire Magic
  4510 | D:4      | Reached XP level 7. HP: 44/53 MP: 5/13
  4896 | D:4      | Found a runed translucent door.
  4897 | D:4      | Noticed Crazy Yiuf
  5281 | D:4      | Killed Crazy Yiuf
  5385 | D:5      | Entered Level 5 of the Dungeon
  5529 | D:5      | Found a staircase to the Ecumenical Temple.
  5688 | D:5      | Found Vemot's Antique Weapon Emporium.
  5718 | D:5      | Bought a fine dagger for 182 gold pieces
  5718 | D:5      | Identified the +6 dagger of the Coin {vorpal, rElec rF++
                  | Will+ Str-2} (You bought it in a shop on level 5 of the
                  | Dungeon)
  5940 | D:5      | Gained mutation: You are hated by all. [Ru sacrifice]
  5940 | D:5      | Reached * piety under Ru
  5940 | D:5      | Reached ** piety under Ru
  6004 | D:5      | Reached XP level 8. HP: 48/61 MP: 14/14
  6084 | D:5      | Reached skill level 5 in Fighting
  6181 | D:5      | Noticed Duvessa
  6181 | D:5      | Noticed Dowan
  6188 | D:5      | Killed Dowan
  6189 | D:5      | Killed Duvessa
  6670 | D:6      | Learned a level 3 spell: Mephitic Cloud
  6687 | D:6      | Reached skill level 1 in Air Magic
  7105 | D:6      | Found a burning altar of Makhleb.
  7137 | D:6      | Reached skill level 2 in Air Magic
  7307 | D:6      | Found Qyun's Antique Armour Boutique.
  7878 | D:7      | Reached skill level 3 in Air Magic
  7878 | D:7      | Reached XP level 9. HP: 26/71 MP: 2/15
  8087 | D:7      | Reached skill level 1 in Conjurations
  8087 | D:7      | Reached skill level 1 in Ice Magic
  8588 | D:7      | Reached skill level 4 in Air Magic
  8907 | D:7      | Reached skill level 1 in Armour
  8907 | D:7      | Reached skill level 5 in Spellcasting
  9064 | D:7      | Found a radiant altar of Vehumet.
  9435 | D:7      | Reached XP level 10. HP: 79/79 MP: 19/19
  9577 | D:7      | Found a transporter.
  9581 | D:7      | Noticed a two-headed ogre
  9582 | D:7      | Found a bloodstained altar of Trog.
  9582 | D:7      | Noticed Dordric's ghost (novice HuRe)
  9583 | D:7      | Found a transporter.
  9584 | D:7      | Noticed a moth of wrath
  9762 | D:7      | Learned a level 5 spell: Freezing Cloud
  9846 | D:6      | Bought an encrusted cloak for 256 gold pieces
  9846 | D:6      | Identified the +2 cloak "Ucutuot" {+Blink} (You bought it
                  | in a shop on level 6 of the Dungeon)
 10008 | D:8      | Reached skill level 5 in Air Magic
 10392 | D:8      | Identified the +10 flail of Leakuit {spect, rN+}
 10434 | D:8      | Gained mutation: You are sensitive to extremes of
                  | temperature. (rF-, rC-) [Ru sacrifice]
 10434 | D:8      | Reached *** piety under Ru
 10434 | D:8      | Reached **** piety under Ru
 10830 | D:9      | Found a runed translucent gate.
 10830 | D:9      | Found a runed translucent gate.
 10831 | D:9      | Found a runed translucent gate.
 10832 | D:9      | Noticed a white ugly thing
 10833 | D:9      | Noticed a red ugly thing
 10834 | D:9      | Noticed a brown ugly thing
 10834 | D:9      | Noticed a green ugly thing
 10862 | D:9      | Found a broken altar of Ashenzari.
 10888 | D:9      | Noticed Joseph
 10895 | D:9      | Killed Joseph
 10896 | D:9      | Reached skill level 5 in Ice Magic
 11238 | D:10     | Entered Level 10 of the Dungeon
 11423 | D:10     | Reached skill level 5 in Conjurations
 11423 | D:10     | Reached skill level 6 in Air Magic
 11526 | D:10     | Found a staircase to the Orcish Mines.
 11740 | D:10     | Identified the +2 robe "Ankott" {Rampage rN+ SInv}
 11764 | D:10     | Found a white marble altar of Elyvilon.
 11766 | D:10     | Found a hide-covered altar of Uskayaw.
 11877 | D:10     | Found an iron altar of Okawaru.
 11957 | D:10     | Found a staircase to the Lair.
 11976 | D:10     | Found a shimmering altar of Xom.
 12016 | D:10     | Reached XP level 11. HP: 60/89 MP: 17/20
 12023 | D:10     | Reached skill level 7 in Air Magic
 12248 | D:10     | Gained mutation: You are missing an eye, making it more
                  | difficult to aim. [Ru sacrifice]
 12248 | D:10     | Reached ***** piety under Ru
 12595 | D:11     | Noticed a two-headed ogre
 12603 | D:11     | Killed a two-headed ogre
 13499 | D:11     | Noticed a manticore
 13504 | D:11     | Killed a manticore
 13505 | D:11     | Reached skill level 10 in Fighting
 13726 | Orc:1    | Entered Level 1 of the Orcish Mines
 13829 | Orc:1    | Reached skill level 8 in Air Magic
 14006 | Orc:2    | Entered Level 2 of the Orcish Mines
 14215 | Orc:2    | Noticed an orc knight
 14219 | Orc:2    | Killed an orc knight
 14290 | Orc:2    | Found Dumy's Book Boutique.
 14427 | Orc:2    | Noticed an ettin
 14433 | Orc:2    | Killed an ettin
 14458 | Orc:2    | Reached XP level 12. HP: 47/99 MP: 8/21
 14463 | Orc:2    | Noticed an orc high priest
 14471 | Orc:2    | Killed an orc high priest
 14496 | Orc:2    | Reached skill level 9 in Air Magic
 14669 | Orc:2    | Noticed an orc warlord
 14683 | Orc:2    | Killed an orc warlord
 14686 | Orc:2    | Gained mutation: You are somewhat inexperienced. (-1 XL)
                  | [Ru sacrifice]
 14686 | Orc:2    | Reached XP level 11. HP: 87/93 MP: 0/29
 14686 | Orc:2    | Reached ****** piety under Ru
 14812 | Orc:2    | Learned a level 5 spell: Arcjolt
 14955 | Orc:2    | Noticed a two-headed ogre
 14962 | Orc:2    | Killed a two-headed ogre
 15087 | Orc:2    | Noticed an ettin
 15092 | Orc:2    | Killed an ettin
 15245 | Orc:2    | Found a staircase to the Elven Halls.
 15462 | Orc:2    | Reached skill level 10 in Air Magic
 15676 | Orc:2    | Found Laguhoos's Antique Weapon Shoppe.
 16009 | Orc:2    | Found Boixad's Antique Weapon Shop.
 16022 | Orc:2    | Found Aseacky's Antique Armour Boutique.
 16040 | Orc:2    | Bought a spiked ring mail for 306 gold pieces
 16040 | Orc:2    | Identified the +3 ring mail "Jeshrit" {Int+7} (You bought
                  | it in a shop on level 2 of the Orcish Mines)
 16237 | Orc:2    | Found a shimmering blue altar of Sif Muna.
 16489 | Lair:1   | Entered Level 1 of the Lair of Beasts
 16489 | Lair:1   | Noticed a death yak
 16489 | Lair:1   | Noticed a death yak
 16489 | Lair:1   | Noticed a death yak
 16496 | Lair:1   | Killed a death yak
 16497 | Lair:1   | Killed a death yak
 16499 | Lair:1   | Killed a death yak
 16500 | Lair:1   | Reached skill level 10 in Conjurations
 16500 | Lair:1   | Noticed Maggie
 16667 | Lair:1   | Killed Maggie
 16668 | Lair:1   | Reached skill level 5 in Armour
 17099 | Lair:1   | Reached XP level 12. HP: 102/102 MP: 19/21
 17315 | Lair:1   | Reached skill level 11 in Air Magic
 17358 | Lair:1   | Identified the +4 ring mail of Okhatan {rC+ Regen+ Int-3
                  | SInv}
 17770 | Lair:2   | Found a hole to the Spider Nest.
 18202 | Lair:2   | Found a staircase to the Shoals.
 19442 | Lair:3   | Reached skill level 12 in Air Magic
 19613 | Lair:3   | Found a transporter.
 19635 | Lair:3   | Found a transporter.
 19639 | Lair:3   | Noticed sleeves's ghost (journeyman DsMo)
 20289 | Lair:4   | Found a staircase to the Slime Pits.
 21578 | Lair:5   | Entered Level 5 of the Lair of Beasts
 21733 | Lair:5   | Gained mutation: You can hop long distances. [Barachi
                  | growth]
 21733 | Lair:5   | Reached XP level 13. HP: 102/108 MP: 21/24
 21774 | Lair:5   | Found a frozen archway.
 21786 | IceCv    | Entered an ice cave
 22370 | IceCv    | Reached skill level 13 in Air Magic
 22600 | IceCv    | Reached skill level 10 in Armour
 22787 | IceCv    | Identified the ring "Vidaok" {rN+ rCorr Str+4}
 22950 | IceCv    | Reached skill level 1 in Shields
 24155 | Lair:5   | Identified the +10 sling "Eskootz" {flame, Str+3 Int+6}
 24264 | Lair:5   | Reached skill level 5 in Shields
 26056 | D:12     | Found a runed translucent door.
 26389 | D:12     | Reached XP level 14. HP: 95/112 MP: 9/27
 26925 | D:12     | Reached skill level 10 in Spellcasting
 27228 | D:13     | Found a portal to a secret trove of treasure.
 28568 | D:12     | Reached skill level 10 in Shields
 28719 | D:12     | Identified the +10 dagger of Reubeox {vorpal, rElec rPois
                  | rC+ MP+9}
 28742 | D:12     | Identified the ring "Hero's Friend" {Fly rF+ SInv}
 28761 | D:12     | Identified the +3 lajatang of Foip {protect, rC+ Stlth+}
 30013 | D:14     | Reached skill level 14 in Air Magic
 31625 | D:14     | Reached XP level 15. HP: 65/122 MP: 28/29
 32114 | D:14     | Found a gate to the Vaults.
 32822 | D:15     | Entered Level 15 of the Dungeon
 33094 | D:15     | Reached skill level 15 in Air Magic
 33371 | D:15     | Found a staircase to the Depths.
 33608 | D:15     | Found a stormy altar of Qazlal.
 34210 | Orc:2    | Bought Maxwell's Memoranda for 494 gold pieces
 34219 | Orc:2    | Learned a level 8 spell: Maxwell's Capacitive Coupling
 34356 | Spider:1 | Entered Level 1 of the Spider Nest
 36551 | Shoals:1 | Entered Level 1 of the Shoals
 36661 | Shoals:1 | Reached skill level 1 in Short Blades
 37066 | Shoals:1 | Reached skill level 5 in Short Blades
 37316 | Shoals:1 | Noticed a kraken
 37434 | Shoals:1 | Learned a level 6 spell: Eringya's Noxious Bog
 37484 | Shoals:1 | Killed a kraken
 37485 | Shoals:1 | Reached XP level 16. HP: 91/133 MP: 15/30
 38071 | Shoals:2 | Reached skill level 5 in Fire Magic
 38380 | Shoals:2 | Found Qisko's Distillery.
 38452 | Shoals:2 | Bought a potion of resistance for 150 gold pieces
 38452 | Shoals:2 | Bought a potion of might for 60 gold pieces
 38452 | Shoals:2 | Bought a potion of might for 60 gold pieces
 38452 | Shoals:2 | Bought a potion of heal wounds for 75 gold pieces
 39114 | Shoals:2 | Noticed Nikola
 39124 | Shoals:2 | Killed Nikola
 39125 | Shoals:2 | Reached skill level 10 in Poison Magic
 39709 | Shoals:3 | Reached skill level 5 in Transmutations
 41623 | Shoals:4 | Entered Level 4 of the Shoals
 41623 | Shoals:4 | Noticed Ilsuiw
 41763 | Shoals:4 | Killed Ilsuiw
 41988 | Shoals:4 | Reached skill level 10 in Transmutations
 42101 | Shoals:4 | Noticed a kraken
 42108 | Shoals:4 | Killed a kraken
 42175 | Shoals:4 | Reached XP level 17. HP: 120/139 MP: 22/31
 43205 | Shoals:4 | Noticed Polyphemus
 43219 | Shoals:4 | Killed Polyphemus
 43769 | Shoals:4 | Gained mutation: Your spells are a little easier to cast,
                  | but a little less powerful. [mutagenic glow]
 43778 | Shoals:4 | Gained mutation: You are dopey. (Int -2) [mutagenic glow]
 43815 | Shoals:4 | Gained mutation: You are clumsy. (Dex -2) [mutagenic glow]
 44798 | Shoals:4 | Got a barnacled rune of Zot
 45051 | Elf:1    | Entered Level 1 of the Elven Halls
 45293 | Spider:2 | Noticed Aizul
 45497 | Spider:2 | Killed Aizul
 48018 | Spider:4 | Entered Level 4 of the Spider Nest
 48634 | Spider:4 | Reached XP level 18. HP: 137/147 MP: 32/34
 48844 | Spider:4 | HP: 7/141 [emperor scorpion (16)]
 48846 | Spider:4 | Blown up by a sun moth

Illustrated notes

Levels and vault maps discovered:
D:1:      psy_arrival_radial01, layout_loops_ring, minmay_strange_pillars,
          minmay_pentomino_w2
D:2:      layout_loops_ring, patterned_corridor
D:3:      layout_basic, general_overflow_altar, overflow_temple_1_default
D:4:      layout_basic, nicolae_ru_sacrificial_ziggurat,
          mainiacjoe_overflow_six_doors_small, minmay_starry_boxes, uniq_ijyb,
          uniq_crazy_yiuf_cottage
D:5:      layout_loops_ring, minmay_temple_entry_junction_2, serial_shops,
          nicolae_shop_hallway_stairs, uniq_duvessa
D:6:      layout_basic, demons_altar, serial_shops, shop
D:7:      layout_basic, mainiacjoe_overflow_tiny_flanked,
          gammafunk_ghost_wrathful_warriors, grunt_ministairs_3,
          minmay_alternating_orb
D:8:      layout_cave_pools, hangedman_decor_diamond_cutter
D:9:      layout_cave_pools, nicolae_overflow_crystal_walls,
          ploomutoo_gammafunk_ghost_potion_laboratory, uniq_joseph
D:10:     lemuel_flame_loot_2, layout_loops_ring,
          mainiacjoe_overflow_large_starburst,
          chequers_temple_overflow_statue_of_worship, lair_entry_dummy,
          zombieorc2_lemuel, kennysheep_generic_room_4
D:11:     layout_irregular_city
D:12:     layout_rooms, minmay_crystal_box
D:13:     layout_basic, special_room [special_room_orc],
          nicolae_trove_entry_crystal
D:14:     minmay_the_grid_3x3 [minmay_the_grid_minigrid_small_alt,
          minmay_the_grid_minigrid_small, minmay_the_grid_rooms,
          minmay_the_grid_stretched_grid, minmay_the_grid_tree,
          minmay_the_grid_dragon_a, minmay_the_grid_empty,
          minmay_the_grid_paths, minmay_the_grid_prize_four_corners],
          layout_layer_cave, lightli_vaults_fourway_checkpoint,
          chequers_decorated_corner, lightli_wizard_tower
D:15:     grunt_enter_depths_hoard, layout_basic, grunt_qazlal_sundering
Lair:1:   layout_regular_city, lemuel_fruit_tree, uniq_maggie
Lair:2:   layout_gridlike, minmay_shoals_entry_hut,
          nicolae_spider_entry_tight_spaces, grunt_megastairs_1
Lair:3:   layout_small_grid, nzn_ghost_randoct, grunt_megastairs_2
Lair:4:   layout_layer_cave, slime_entry_1
Lair:5:   minmay_lair_end_enchanted_forest, layout_cave_pods,
          portal_ice_cave_entry_pillars_1
Shoals:1: nicolae_shoals_island_circles, layout_shoals,
          nicolae_shoals_aquamancer_cove
Shoals:2: layout_shoals, serial_shops, shop_fountains, uniq_nikola
Shoals:3: layout_shoals, nicolae_shoals_drake_roost
Shoals:4: shoals_end_grunt_ice, layout_shoals, shoal_ilsuiw, uniq_polyphemus
Spider:1: layout_spider_delve
Spider:2: layout_spider_delve, uniq_aizul
Spider:3: layout_spider_delve
Spider:4: hellmonk_spider_rune_endless_swarm
Orc:1:    layout_diamond_mine, gammafunk_ghost_necromancy
Orc:2:    grunt_orc_community_town_hall, layout_diamond_mine,
          grunt_orc_community_big_house_2, grunt_orc_community_big_house_2,
          grunt_orc_community_house_3, grunt_orc_community_house_1,
          grunt_orc_community_house_2, grunt_orc_community_house_3,
          grunt_orc_community_house_2, kennysheep_orc_sif_temple
Elf:1:    eino_elf_arrival_sip, layout_loops_cross,
          gammafunk_ghost_fury_of_okawaru, serial_shops, shop,
          nicolae_shop_behind_doors, orc_legates, uniq_zenata, uniq_azrael,
          uniq_agnes

Skill      XL: |  1  2  3  4  5  6  7  8  9 10 11 12 13 14 15 16 17 |
---------------+----------------------------------------------------+-----
Fighting       | 1 2 3 4 6 7 9 12 11 14 | 14.7
Poison Magic   | 4 5 6 8 10 12 | 12.2
Spellcasting   | 3 4 6 7 9 10 12 | 12.7
Fire Magic     | 1 2 3 4 7 |  7.1
Transmutations | 3 4 10 11 | 11.9
Air Magic      | 3 4 6 10 12 13 14 15 | 15.7
Conjurations   | 2 6 10 11 | 11.6
Ice Magic      | 3 6 8 |  8.1
Armour         | 3 5 9 10 11 12 | 12.8
Shields        | 7 11 | 11.9
Dodging        | 4 |  4.6
Short Blades   | 5 |  5.2
Stealth        | |  1.7

Action                   |  1- 3 |  4- 6 |  7- 9 | 10-12 | 13-15 | 16-18 || total
-------------------------+-------+-------+-------+-------+-------+-------++-------
Melee: Short sword       |    65 |   112 |    25 |       |       |       ||   202
       Unarmed           |     3 |       |       |       |       |       ||     3
       Punch             |       |     3 |       |     5 |     1 |       ||     9
       Dagger            |       |       |    90 |   461 |   279 |   158 ||   988
 Cast: Sting             |    33 |     4 |       |       |       |       ||    37
       Poisonous Vapours |    12 |    36 |     9 |       |       |       ||    57
       Olgreb's Toxic Ra |       |    11 |    36 |    79 |    44 |    29 ||   199
       Ignite Poison     |       |       |    29 |    73 |    32 |    26 ||   160
       Mephitic Cloud    |       |       |    12 |    11 |       |       ||    23
       Freezing Cloud    |       |       |       |    48 |    68 |    96 ||   212
       Arcjolt           |       |       |       |    35 |   261 |   136 ||   432
       Eringya's Noxious |       |       |       |       |       |    33 ||    33
Invok: Sacrifice Love    |       |       |     1 |       |       |       ||     1
       Draw Out Power    |       |       |       |     7 |     7 |     6 ||    20
       Sacrifice Resista |       |       |       |     1 |       |       ||     1
       Sacrifice Experie |       |       |       |     1 |       |       ||     1
       Sacrifice an Eye  |       |       |       |     1 |       |       ||     1
       Apocalypse        |       |       |       |       |     5 |     3 ||     8
 Abil: Hop               |       |     2 |     1 |     4 |     7 |     2 ||    16
Evoke: Wand              |       |       |       |     6 |     8 |     1 ||    15
  Use: Scroll            |     2 |     1 |     3 |    16 |     8 |     6 ||    36
       Potion            |       |       |       |       |       |     7 ||     7
 Stab: Sleeping          |       |     2 |       |     2 |       |       ||     4
       Distracted        |       |       |       |     1 |       |       ||     1
       Invisible         |       |       |       |     5 |     1 |     2 ||     8
       Paralysed         |       |       |       |     5 |     5 |     1 ||    11
Armor: Robe              |    15 |    25 |    12 |       |       |       ||    52
       Leather armour    |       |       |    12 |       |       |       ||    12
       Steam dragon scal |       |       |       |   162 |       |       ||   162
       Ring mail         |       |       |       |   111 |   390 |   281 ||   782
Dodge: Dodged            |    60 |    59 |    89 |   320 |   238 |   187 ||   953
Block: Kite shield       |       |       |       |       |   276 |   224 ||   500

Table legend: (Time is in decaauts)
 A = Elapsed time spent in this place.
 B = Non-inter-level travel time spent in this place.
 C = Inter-level travel time spent in this place.
 D = Time resting spent in this place.
 E = Time spent auto-exploring this place.
 F = Levels seen in this place.
 G = Mean time per level.
                   A        B        C        D        E       F      G
               +--------+--------+--------+--------+--------+-----+--------+
         Total |  52999 |  50254 |   2745 |   5740 |  37734 |  32 | 1656.2 |
       Dungeon |  24874 |  23324 |   1550 |   2042 |  18285 |  15 | 1658.3 |
          Lair |   9135 |   8667 |    468 |    956 |   6665 |   5 | 1827.0 |
        Shoals |   8772 |   8561 |    211 |   1917 |   5386 |   4 | 2193.0 |
   Spider Nest |   5365 |   5226 |    139 |    725 |   3845 |   4 | 1341.2 |
  Orcish Mines |   3197 |   2823 |    374 |    100 |   2219 |   2 | 1598.5 |
   Elven Halls |     36 |     36 |      0 |      0 |      0 |   1 |   36.0 |
      Ice Cave |   1618 |   1618 |      0 |      0 |   1333 |   1 | 1618.0 |
               +--------+--------+--------+--------+--------+-----+--------+

Top non-repeatable levels by time:
    D:14: 2930 daAuts
    D:13: 2851 daAuts
   Orc:2: 2784 daAuts
  Lair:2: 2662 daAuts
  Lair:5: 2530 daAuts
Shoals:2: 2501 daAuts
Shoals:4: 2333 daAuts
Shoals:3: 2291 daAuts
     D:6: 2015 daAuts
    D:10: 1806 daAuts
    D:12: 1795 daAuts
     D:4: 1786 daAuts
Spider:1: 1745 daAuts
Spider:3: 1692 daAuts
Shoals:1: 1646 daAuts
